 Dungeon Crawl Stone Soup version 0.17.1-3-g152610e (webtiles) character file.

53 WarriorsX the Stinger (level 4, 0/30 HPs)
             Began as a Human Venom Mage on Mar 5, 2016.
             Killed from afar by Sigmund (5 damage)
             ... with a puff of flame
             ... on level 2 of the Dungeon.
             The game lasted 00:06:37 (1941 turns).

WarriorsX the Stinger (Human Venom Mage)            Turns: 1941, Time: 00:06:37

Health: 0/30       AC:  3    Str:  8    XL:     4   Next: 10%
Magic:  0/7        EV: 12    Int: 16    God:
Gold:   102        SH:  0    Dex: 14    Spells: 1 memorised, 6 levels left

rFire  . . .     SeeInvis .     (no weapon)
rCold  . . .     Clarity  .     a - +0 robe
rNeg   . . .     SustAt   .     (no shield)
rPois  .         Gourm    .     (no helmet)
rElec  .         Spirit   .     (no cloak)
rCorr  .         Warding  .     (no gloves)
rMut   .         Stasis   .     m - +0 pair of boots
MR     .....                    (no amulet)
Stlth  ++........               (no ring)
                                (no ring)

@: not resistant to hostile enchantments, unstealthy
A: no striking features
a: no special abilities


You were on level 2 of the Dungeon.
You were hungry.

You visited 1 branch of the dungeon, and saw 2 of its levels.

You collected 102 gold pieces.

Inventory:

Armour
 a - a +0 robe (worn)
 m - a +0 pair of boots (worn)
Scrolls
 d - a scroll of remove curse
 e - a scroll of random uselessness
 i - a scroll of identify
 j - a scroll of immolation {unknown}
Potions
 g - a potion of might
 h - 2 potions of invisibility
Books
 b - a Young Poisoner's Handbook

   Spells                             Type                      Level
   a - Sting                          Conjuration/Poison           1
   b - Cure Poison                    Poison                       2
   c - Mephitic Cloud                 Conjuration/Poison/Air       3
   d - Olgreb's Toxic Radiance        Poison                       4
   e - Venom Bolt                     Conjuration/Poison           5
Comestibles
 c - a bread ration
 f - a slice of pizza
 k - a meat ration


   Skills:
 - Level 2.0 Dodging
 - Level 2.0 Stealth
 + Level 2.0 Spellcasting
 * Level 1.6 Conjurations
 + Level 5.0 Poison Magic


You had 6 spell levels left.
You knew the following spells:

 Your Spells              Type           Power        Failure   Level  Hunger
a - Sting                 Conj/Pois      ##..         8%          1    #......


Dungeon Overview and Level Annotations

Branches:
Dungeon (2/15)

Altars:

Annotations:
D:2 Sigmund


Message History

Sigmund barely misses you.
You're too confused to move!
Sigmund gestures at you while chanting. You resist with some effort.
Sigmund gestures at you while chanting. The magic dart hits you!
* * * LOW HITPOINT WARNING * * *
You're too confused to move!
You feel less confused.
Sigmund says, "Look into my eyes."
Your magical contamination has completely faded away.
Casting: Sting
Confirm with . or Enter, or press ? or * to list all spells.
Aiming: Sting
Press: ? - help, Shift-Dir - straight line, f/p - Sigmund
Aim: Sigmund, wielding a scythe and wearing a robe (severely wounded)
The sting misses Sigmund.
Sigmund casts a spell at you. The puff of flame hits you!
You die...

.............[.....#.............
#...#..#..#.#....<...>...........
#...#.....#.#...#..#.....#.##.#.#
................#..#.............
#......#..#.#.#.#......†##......#
#................................
...........................##.#.#
...................#@............
........(.......@.......##.##.#.#
#.#..........##.#..#.#..##.##.#.#
.........##.###.#..#.#..##.##.#.#
..............................#..
#..#.#...##.###.#..#.............
............###.#..#..........#.#
#..................####.#####.#.#
#..#.....#########.####.#####.#.#
#................................


You could see Sigmund.

Vanquished Creatures
  2 adders (D:2)
  A worm (D:2)
  A ball python (D:1)
  4 bats (D:1)
  3 giant cockroaches (D:1)
  5 goblins
  A hobgoblin (D:1)
  A quokka (D:2)
  2 giant geckos (D:1)
  2 giant newts
  4 kobolds (D:1)
  4 rats (D:1)
30 creatures vanquished.

Notes
Turn   | Place    | Note
--------------------------------------------------------------
     0 | D:1      | WarriorsX the Human Venom Mage began the quest for the Orb.
     0 | D:1      | Reached XP level 1. HP: 13/13 MP: 3/3
   208 | D:1      | Reached XP level 2. HP: 17/19 MP: 0/5
   588 | D:1      | Reached XP level 3. HP: 24/24 MP: 0/6
  1178 | D:2      | Reached skill level 1 in Conjurations
  1625 | D:2      | Reached skill level 5 in Poison Magic
  1625 | D:2      | Reached XP level 4. HP: 28/30 MP: 0/7
  1894 | D:2      | Noticed Sigmund
  1941 | D:2      | Killed from afar by Sigmund

Action                   |  1- 3 |  4- 6 || total
-------------------------+-------+-------++-------
 Cast: Sting             |    58 |    15 ||    73
  Use: Scroll            |     4 |       ||     4
       Potion            |     2 |       ||     2
  Eat: Chunk             |     3 |     1 ||     4
